AoeStats
← ankg

Arena

506849940Analyzed
3v3 RM · 17d ago on Sep 15, 2026· 41m 58s· 6 players
Game mode
Random Map
Map size
Normal (6 player)
Population
200
Speed
Normal
Resources
Standard
Victory
Conquest
Starting age
Dark Age
Ending age
Imperial Age
RankedLock teamsTeams togetherTeam positionsShared explorationLock speedFull tech treeHidden civsTurbo modeCheats
Victory
Defeat
🇹🇼 Britons · Taiwan
989
+12
🇹🇼 Khmer · Taiwan
930
+15
🇧🇷 Khmer · Brazil
903
+16
🇨🇳 Lithuanians · China
931
-15
🇨🇳 Persians · China
897
-14
🇨🇳 Goths · China
886
-37
u9313317
0:29 Loom
13:18 Feudal Age
17:25 Castle Age
15:28 Horse Collar
15:48 Double-Bit Axe
15:50 Horse Collar
22:35 Town Watch
29:28 Fletching
30:21 Bodkin Arrow
41:17 Wheelbarrow
ERJ1919
0:37 Loom
8:59 Feudal Age
15:24 Castle Age
14:19 Double-Bit Axe
14:16 Horse Collar
14:51 Gold Mining
21:13 Bow Saw
21:07 Heavy Plow
21:35 Loom
24:51 Wheelbarrow
24:01 Town Watch
29:31 Imperial Age
28:21 Hand Cart
28:06 Town Patrol
28:38 Stone Mining
30:57 Pikeman
31:54 Arson
38:58 Scale Mail Armor
39:09 Forging
38:31 Halberdier
39:49 Town Patrol
39:19 Capped Ram
42:50 Chain Mail Armor
43:10 Iron Casting
crazyfork
12:01 Feudal Age
13:16 Loom
16:49 Castle Age
15:48 Wheelbarrow
15:26 Horse Collar
19:53 Fletching
20:01 Double-Bit Axe
20:19 Heavy Plow
22:46 Bodkin Arrow
24:45 Ballistics
28:20 Bow Saw
28:37 Town Watch
29:18 Treadmill Crane
29:49 Masonry
36:00 Imperial Age
33:38 Padded Archer Armor
34:40 Hand Cart
34:24 Murder Holes
35:09 Hand Cart
36:39 Leather Archer Armor
37:08 Conscription
37:41 Bracer
39:36 Yeomen
38:37 Elite Longbowman
41:33 Ring Archer Armor
42:07 Chemistry
41:37 Architecture
42:18 Two-Man Saw
413401132
9:41 Feudal Age
10:22 Double-Bit Axe
10:27 Horse Collar
12:07 Gold Mining
18:20 Castle Age
16:39 Stone Mining
17:52 Wheelbarrow
21:09 Bow Saw
24:46 Hand Cart
24:16 Loom
25:44 Forging
25:40 Scale Barding Armor
26:12 Stone Shaft Mining
26:07 Heavy Plow
27:50 Chain Barding Armor
28:05 Iron Casting
28:06 Hand Cart
31:57 Husbandry
32:07 Bloodlines
36:02 Imperial Age
37:06 Conscription
37:27 Plate Barding Armor
37:02 Light Cavalry
39:38 Winged Hussar
40:45 Fletching
zh56956
11:41 Feudal Age
12:02 Double-Bit Axe
11:59 Horse Collar
18:14 Castle Age
16:24 Gold Mining
20:48 Bow Saw
37:56 Wheelbarrow
37:37 Stone Mining
38:22 Gold Shaft Mining
40:21 Hand Cart
40:58 Kamandaran
41:14 Squires
ankg
13:16 Feudal Age
14:24 Double-Bit Axe
16:59 Wheelbarrow
17:59 Town Watch
22:01 Man-at-Arms
23:18 Scale Mail Armor
23:28 Forging
Connection lost

Rejoining the realm…

Still unreachable

The connection could not be restored.

Session expired

The server has moved on; the page needs a fresh start.